 Dungeon Crawl Stone Soup version 0.32-a0-818-gb728d02 (webtiles) character file.

Game seed: 154387382999512432

2255 Meow the Destroyer (level 9, 34/81 HPs)
             Began as a Naga Conjurer on Mar 24, 2024.
             Was an Initiate of Gozag.
             Quit the game on level 7 of the Dungeon.
             The game lasted 00:24:27 (6235 turns).

Meow the Destroyer (Naga Conjurer)                  Turns: 6235, Time: 00:24:28

Health: 34/81      AC: 10    Str: 10    XL:     9   Next: 37%
Magic:  7/19       EV:  8    Int: 29    God:    Gozag
Gold:   311        SH:  0    Dex:  9    Spells: 12/22 levels left

rFire   . . .        a - +5 whip
rCold   . . .        (no shield)
rNeg    . . .        c - +0 robe
rPois   +            s - +0 helmet
rElec   .            e - +0 cloak
rCorr   .            (no gloves)
SInv    +            (no barding)
Will    +....        (no amulet)
Stlth   ++           g - +4 ring of protection
HPRegen 0.33/turn    A - +6 ring of intelligence
MPRegen 0.16/turn

%: no passive effects
@: very slow
A: AC +3, large, see invisible, deformed body, poison resistance, slowness 2,
spit poison 1, naga tail 1
a: Spit Poison, Renounce Religion, Potion Petition, Call Merchant, Bribe Branch


You were on level 7 of the Dungeon.
You worshipped Gozag.
Gozag was aware of your devotion.
You visited 2 branches of the dungeon, and saw 8 of its levels.

You collected 452 gold pieces.
You paid 141 gold pieces to Gozag.

Inventory:

Hand Weapons
 a - a +5 whip (weapon)
 n - a +0 orcbow
 p - a +0 scimitar
 D - a +0 shortbow
Armour
 c - a +0 robe (worn)
 e - a +0 cloak (worn)
 k - an orb of wrath
 s - a +0 helmet (worn)
Jewellery
 g - a +4 ring of protection (left hand)
 A - a +6 ring of intelligence (right hand)
 C - a ring of resist corrosion
Scrolls
 f - 4 scrolls of vulnerability
 l - a scroll of revelation {unknown}
 r - a scroll of teleportation
 t - a scroll of butterflies {unknown}
 u - a scroll of blinking {unknown}
 v - a scroll of amnesia {unknown}
 w - a scroll of immolation {unknown}
 x - 2 scrolls of enchant weapon
 y - a scroll of brand weapon {unknown}
 z - a scroll of poison {unknown}
 B - a scroll of fear {unknown}
Potions
 b - 2 potions of magic
 d - 2 potions of brilliance {unknown}
 h - 2 potions of degeneration {unknown}
 i - 3 potions of might {unknown}
 j - 9 potions of curing {unknown}
 m - a potion of attraction {unknown}
 o - 2 potions of ambrosia {unknown}
 q - 3 potions of enlightenment {unknown}
 E - a potion of heal wounds {unknown}


   Skills:
 + Level 5.3 Fighting
 - Level 1.5 Dodging
 - Level 3.0 Stealth
 + Level 7.1 Spellcasting
 + Level 8.9 Conjurations


You had 12 spell levels left.
You knew the following spells:

 Your Spells              Type           Power      Damage    Failure   Level
a - Magic Dart            Conj           100%       1d8       1%          1
b - Searing Ray           Conj           100%       2d8       1%          2
A - Stone Arrow           Conj/Erth      72%        3d11      2%          3
F - Fulminant Prism       Conj/Alch      18%        3d10      8%          4

Your spell library contained the following spells:

 Spells                   Type           Power      Damage    Failure   Level
 Shock                    Conj/Air       100%       1d9       1%          1
 Sandblast                Erth           20%        2d7       4%          1
 Lesser Beckoning         Tloc           20%        N/A       8%          2
 Brom's Barrelling Bould  Conj/Erth      36%        2d6       8%          4
 Iskenderun's Mystic Bla  Conj/Tloc      36%        2d9       8%          4
 Gell's Gravitas          Tloc           10%        N/A       16%         3
 Swiftness                Air            10%        N/A       16%         3
 Teleport Other           Tloc           10%        N/A       16%         3
 Airstrike                Air            5%         2d(1-17)  45%         4
 Olgreb's Toxic Radiance  Alch           10%        N/A       45%         4
 Ozocubu's Refrigeration  Ice            5%         4d8       100%        7
 Discord                  Hex            5%         N/A       100%        8


Dungeon Overview and Level Annotations

Branches:
Dungeon (7/15)             Temple (1/1) D:6

Altars:
Ashenzari
Cheibriados
Dithmenos
Fedhas
Gozag
Makhleb
Qazlal
Ru
Sif Muna
Trog
Uskayaw
Wu Jian
Xom
Yredelemnul
Zin
The Shining One


Innate Abilities, Weirdness & Mutations

Your serpentine skin is tough. (AC +3)
You have supernaturally acute eyesight. (SInv)
Armour fits poorly on your strangely shaped body.
Your system is resistant to poisons. (rPois)
You cover ground very slowly.
You can spit poison.
You have a snake-like lower body.


Message History

Aim: an ufetubus (moderately wounded, 72% to hit)
The searing ray hits the ufetubus!
You kill the ufetubus! (Press . to maintain the ray.)
The ufetubus slips past you!
The ufetubus hits you but does no damage.
The ufetubus closely misses you.
You have got your breath back.
The ufetubus hits you.
The ufetubus hits you but does no damage.
The orc attacks as it pursues you! The orc hits you but does no damage.
The ufetubus hits you but does no damage.
The ufetubus hits you.
* * * LOW HITPOINT WARNING * * *
Okay, then.
As you read the scroll labelled DETROS QOWKUU, it crumbles to dust.
You feel strangely unstable.
It was a scroll of teleportation.
The ufetubus hits you but does no damage. x2
The orc hits you but does no damage. The ufetubus misses you.
The ufetubus hits you but does no damage.
Unknown command.
The ufetubus hits you.
* * * LOW HITPOINT WARNING * * *
The ufetubus barely misses you.
Unknown command.
Your surroundings suddenly seem different.
Found a book of Air, a runed iron wand and 7 gold pieces.
Found a snail-covered altar of Cheibriados.
Okay, then.
Found a chain mail.
Found a fuming orange potion.
Found 14 gold pieces.
You see here a book of Air.
You pick up a book of Air and begin reading...
You add the spells Shock, Swiftness and Airstrike to your library.
Found a scroll of enchant weapon.
You see here a fuming orange potion.
Found a stone staircase leading up.
A bullfrog comes into view.
Are you sure you want to abandon this character and quit the game? (Confirm with "yes".)

#...#.##............#
#....#.#...#......##.#
.F........##...!..# ##
#.....<.....#....###
...............##
.............###
...........###
............#
.......@##.......
...........##....
...........# .....
#...........# ....
##.......#.... ...
#...##.###....... #..#
### #... ##. ...


You could see a bullfrog (wandering).

Vanquished Creatures
  Menkaure (D:7)
  A black bear (D:6)
  An orc warrior (D:7)
  An ice beast (D:7)
  4 ogres
  A centaur (D:6)
  3 phantoms
  A gnoll sergeant (D:6)
  2 scorpions
  4 hounds
  5 orc priests
  2 bombardier beetles
  A jelly (D:4)
  Natasha (thrice) (D:2)
  5 iguanas
  4 orc wizards
  Terence (D:2)
  Robin (D:3)
  12 gnolls
  5 adders
  2 white imps (D:6)
  An ufetubus (D:7)
  A dart slug (D:5)
  22 orcs
  7 endoplasms
  4 giant cockroaches
  21 goblins
  5 hobgoblins
  7 jackals
  4 quokkas
  10 ball pythons
  4 bats
  6 frilled lizards
  6 kobolds
  7 rats
165 creatures vanquished.

Vanquished Creatures (others)
  2 fulminant prisms (D:7)
2 creatures vanquished.

Grand Total: 167 creatures vanquished

Notes
Turn   | Place    | Note
-------+----------+-------------------------------------------
     0 | D:1      | Meow the Naga Conjurer began the quest for the Orb.
     0 | D:1      | Reached XP level 1. HP: 15/15 MP: 3/3
   113 | D:1      | You fall into a shaft and drop 1 floor!
   141 | D:1      | Reached XP level 2. HP: 22/22 MP: 0/5
   144 | D:1      | Learned a level 2 spell: Searing Ray
   708 | D:1      | Reached XP level 3. HP: 28/28 MP: 4/7
  1004 | D:2      | Noticed Natasha
  1165 | D:2      | Noticed Terence
  1170 | D:2      | Killed Terence
  1171 | D:2      | Reached XP level 4. HP: 36/36 MP: 3/8
  1692 | D:2      | Killed Natasha
  1693 | D:2      | Reached skill level 5 in Conjurations
  1803 | D:2      | Noticed Natasha
  1808 | D:2      | Killed Natasha
  1809 | D:2      | Reached XP level 5. HP: 42/42 MP: 4/10
  1943 | D:2      | Noticed Natasha
  1947 | D:2      | Killed Natasha
  2232 | D:3      | Reached XP level 6. HP: 38/49 MP: 6/12
  2751 | D:3      | Reached skill level 6 in Conjurations
  2809 | D:3      | Noticed Robin
  2818 | D:3      | Killed Robin
  3387 | D:4      | Learned a level 4 spell: Fulminant Prism
  3576 | D:4      | Reached skill level 5 in Spellcasting
  3576 | D:4      | Reached XP level 7. HP: 55/55 MP: 9/14
  3713 | D:5      | Entered Level 5 of the Dungeon
  3861 | D:5      | Reached skill level 7 in Conjurations
  4000 | D:5      | Reached skill level 1 in Fighting
  4114 | D:5      | Found a glowing silver altar of Zin.
  4549 | D:4      | Reached XP level 8. HP: 68/68 MP: 10/16
  5259 | D:6      | Reached skill level 8 in Conjurations
  5649 | D:6      | Reached XP level 9. HP: 79/79 MP: 11/18
  5735 | D:6      | Learned a level 3 spell: Stone Arrow
  5976 | D:6      | Found a staircase to the Ecumenical Temple.
  5983 | Temple   | Entered the Ecumenical Temple
  6002 | Temple   | Became a worshipper of Gozag Ym Sagoz the Greedy
  6142 | D:7      | Reached skill level 5 in Fighting
  6162 | D:7      | Noticed Menkaure
  6167 | D:7      | Killed Menkaure
  6206 | D:7      | Found a snail-covered altar of Cheibriados.
  6235 | D:7      | Quit the game

Illustrated notes

Levels and vault maps discovered:
D:1:      wander_arrival_fairy_ring, layout_loops_ring
D:2:      minmay_general_purpose_star, layout_rooms, uniq_terence, uniq_natasha
D:3:      kennysheep_goblin_castle, layout_basic, grunt_ministairs_2
D:4:      layout_basic
D:5:      layout_loops_ring, mainiacjoe_overflow_small_starburst,
          minmay_misc_feat_cross, saegor_snake_ambush
D:6:      layout_cave_pools, minmay_temple_entry_fiery
D:7:      minmay_octagon_keep, layout_cave_pools, tgw_kikubaaqudgha,
          mainiacjoe_overflow_tiny_flanked, serial_park, serial_park_square1
          [serial_park_minivault_5x5_4], serial_park_square3
          [serial_park_minivault_5x5_6], serial_park_avenue1, enter_bailey_3,
          uniq_menkaure
Temple:   nicolae_temple_superstar

Skill      XL: |  1  2  3  4  5  6  7  8  9 |
---------------+----------------------------+-----
Spellcasting   | 3 4 5 6 7 |  7.1
Conjurations   | 5 6 7 8 |  8.9
Fighting       | 2 4 5 |  5.3
Dodging        | |  1.5
Stealth        | |  3.0

Action                     |  1- 3 |  4- 6 |  7- 9 || total
---------------------------+-------+-------+-------++-------
  Melee: Whip              |     1 |     3 |     1 ||     5
   Cast: Magic Dart        |    31 |    56 |    63 ||   150
         Searing Ray       |     4 |    22 |    42 ||    68
         Fulminant Prism   |       |       |     2 ||     2
Ability: Spit Poison       |    17 |    35 |    48 ||   100
    Use: Scroll            |       |     1 |     2 ||     3
 Armour: Robe              |     5 |    14 |    63 ||    82
  Dodge: Dodged            |     2 |    17 |    35 ||    54

Table legend: (Time is in decaauts)
 A = Elapsed time spent in this place.
 B = Non-inter-level travel time spent in this place.
 C = Inter-level travel time spent in this place.
 D = Time resting spent in this place.
 E = Time spent auto-exploring this place.
 F = Levels seen in this place.
 G = Mean time per level.
                   A        B        C        D        E       F      G
               +--------+--------+--------+--------+--------+-----+--------+
         Total |   7798 |   7328 |    470 |   1734 |   4181 |   8 |  974.8 |
       Dungeon |   7745 |   7300 |    445 |   1734 |   4181 |   7 | 1106.4 |
        Temple |     53 |     28 |     25 |      0 |      0 |   1 |   53.0 |
               +--------+--------+--------+--------+--------+-----+--------+

Top non-repeatable levels by time:
     D:2: 1483 daAuts
     D:3: 1447 daAuts
     D:4: 1295 daAuts
     D:5: 1219 daAuts
     D:1: 1102 daAuts
     D:6: 1051 daAuts
     D:7: 145 daAuts
  Temple: 53 daAuts
